 Dungeon Crawl Stone Soup version 0.21.1-1-g345015f (webtiles) character file.

21 solstalker the Slasher (level 2, -1/25 HPs)
             Began as a Ghoul Gladiator on Apr 20, 2018.
             Slain by a worm (8 damage)
             ... on level 2 of the Dungeon.
             The game lasted 00:05:16 (794 turns).

solstalker the Slasher (Ghoul Gladiator)             Turns: 794, Time: 00:05:17

Health: -1/25      AC:  9    Str: 17    XL:     2   Next: 83%
Magic:  1/1        EV:  2    Int:  3    God:
Gold:   85         SH: 10    Dex: 10    Spells: 1/1 levels left

rFire    . . .     SeeInvis .   a - +0 long sword
rCold    + . .     Gourm    .   l - +0 large shield
rNeg     + + +     Faith    .   m - +0 chain mail
rPois    ∞         Spirit   .   c - +0 helmet
rElec    .         Reflect  .   (no cloak)
rCorr    .         Harm     .   (no gloves)
MR       .....                  (no boots)
Stlth    ..........             (no amulet)
HPRegen  0.00/turn              (no ring)
MPRegen  0.07/turn              (no ring)

@: rotting
A: rotting body, claws 1, carnivore, cold resistance 1, negative energy
resistance 3, inhibited regeneration, torment resistance, unbreathing
a: no special abilities


You were on level 2 of the Dungeon.
You were not hungry.

You visited 1 branch of the dungeon, and saw 2 of its levels.

You collected 85 gold pieces.

Inventory:

Hand Weapons
 a - a +0 long sword (weapon)
 n - a +0 short sword
 o - a +1 dagger of draining
Missiles
 d - 2 throwing nets (quivered)
Armour
 b - a +0 leather armour
 c - a +0 helmet (worn)
 g - a +0 buckler
 l - a +0 large shield (worn)
 m - a +0 chain mail (worn)
 p - a +0 scale mail
Jewellery
 e - an uncursed amulet of rage
Scrolls
 q - a scroll of noise {unknown}
Potions
 i - a potion of curing {unknown}
 j - a potion of degeneration {unknown}
 k - a potion of flight
 r - a potion of magic {unknown}
Comestibles
 f - a ration
 h - a chunk of flesh


   Skills:
 * Level 2.3 Fighting
 * Level 3.3 Long Blades
 * Level 1.8 Throwing
 + Level 2.9 Dodging


You had one spell level left.
You didn't know any spells.

Dungeon Overview and Level Annotations

Branches:
Dungeon (2/15)

Altars:


Innate Abilities, Weirdness & Mutations

Your body is rotting away.
You thrive on raw meat.
You are immune to poison.
You have sharp fingernails.
You are carnivorous and can eat meat at any time.
Your flesh is cold resistant. (rC+)
You are immune to negative energy. (rN+++)
You do not regenerate when monsters are visible.
You are immune to unholy pain and torment.
You can survive without breathing.


Message History

You are too injured to fight recklessly!
You are too injured to fight recklessly!
You are too injured to fight recklessly!
You are too injured to fight recklessly!
You are too injured to fight recklessly!
You are too injured to fight recklessly!
You are too injured to fight recklessly!
You are too injured to fight recklessly!
You are too injured to fight recklessly!
You are too injured to fight recklessly!
You are too injured to fight recklessly!
You are too injured to fight recklessly!
You hit the adder but do no damage.
The adder is heavily wounded.
The adder bites you. The adder barely misses you. The worm bites you.
* * * LOW HITPOINT WARNING * * *
You closely miss the adder.
The adder is heavily wounded.
The adder bites you but does no damage. x2; The worm bites you!
You die...

#< #. #
##.. .#
[..#####.
...#..
#.#w#
#.S@#
##.## #.#
#####.#
#.....###
#.###...##
#....<..#
#.##.....#
#.....#


You could see a worm and an adder.

Vanquished Creatures
  2 giant cockroaches
  2 goblins (D:1)
  5 hobgoblins (D:1)
  A kobold (D:1)
  4 bats (D:1)
  A frilled lizard (D:1)
  4 rats (D:1)
19 creatures vanquished.

Notes
Turn   | Place    | Note
-------+----------+-------------------------------------------
     0 | D:1      | solstalker the Ghoul Gladiator began the quest for the Orb.
     0 | D:1      | Reached XP level 1. HP: 17/17 MP: 0/0
    80 | D:1      | Reached XP level 2. HP: 22/24 MP: 1/1
   107 | D:1      | Reached skill level 3 in Long Blades
   794 | D:2      | Slain by a worm

Skill      XL: |  1  2 |
---------------+-------+-----
Long Blades    | 3 |  3.3
Fighting       | |  2.3
Throwing       | |  1.8
Dodging        | |  2.9

Action                   || total
-------------------------++-------
Melee: Long sword        ||    49
Throw: Throwing net      ||     2
  Use: Scroll            ||     7
  Eat: Chunk             ||     5
Armor: Leather armour    ||     8
       Chain mail        ||    12
Dodge: Dodged            ||    28
Block: Large shield      ||    15
       Buckler           ||     1
       Rpst.: Long sword ||    11
